 Dungeon Crawl Stone Soup version 0.22-a0-833-g8522bf8125 (webtiles) character file.

403 Destragon the Magician (level 6, -3/32 HPs)
             Began as a Deep Elf Wizard on July 25, 2018.
             Killed by nerve-wracking pain
             ... invoked by Grinder
              (10 damage)
             ... on level 4 of the Dungeon.
             The game lasted 00:22:44 (2809 turns).

Destragon the Magician (Deep Elf Wizard)            Turns: 2809, Time: 00:22:44

Health: -3/32      AC: 10    Str:  5    XL:     6   Next: 55%
Magic:  0/17       EV: 13    Int: 24    God:
Gold:   128        SH:  0    Dex: 13    Spells: 14/17 levels left

rFire    + . .     SeeInvis +   m - +0 dagger
rCold    . . .     Gourm    .   (no shield)
rNeg     . . .     Faith    .   f - +1 leather armour {rF+}
rPois    .         Spirit   +   n - +2 helmet {SInv}
rElec    .         Reflect  .   q - +2 cloak
rCorr    .         Harm     .   (no gloves)
MR       .....                  (no boots)
Stlth    ++++......             o - amulet of guardian spirit
HPRegen  0.10/turn              j - ring of stealth
MPRegen  0.15/turn              (no ring)

@: no status effects
A: no striking features
a: no special abilities


You were on level 4 of the Dungeon.
You were not hungry.

You visited 1 branch of the dungeon, and saw 4 of its levels.

You collected 128 gold pieces.

Inventory:

Hand Weapons
 m - a +0 dagger (weapon)
Armour
 a - a +0 robe
 e - a +0 plate armour
 f - a +1 leather armour of fire resistance (worn)
 n - a +2 helmet of see invisible (worn)
 q - a +2 cloak (worn)
Jewellery
 j - a ring of stealth (left hand)
 o - an amulet of guardian spirit (around neck)
Wands
 v - a wand of polymorph (7)
Scrolls
 b - a scroll of enchant weapon {unknown}
 h - 3 scrolls of magic mapping {unknown}
 i - 3 scrolls of teleportation {unknown}
 k - 2 scrolls of random uselessness {unknown}
 l - 2 scrolls of identify {unknown}
 s - a scroll of amnesia {unknown}
 t - a scroll of enchant armour {unknown}
 u - 2 scrolls of blinking {unknown}
 w - a scroll of immolation {unknown}
 x - a scroll of remove curse {unknown}
 y - a scroll of fog {unknown}
Potions
 c - 2 potions of agility {unknown}
 g - a potion of ambrosia {unknown}
 p - a potion of cancellation {unknown}
 r - a potion of invisibility {unknown}
 A - a potion of curing {unknown}
Comestibles
 d - 3 rations
 z - 6 chunks of flesh


   Skills:
 + Level 4.7 Dodging
 + Level 5.1 Stealth
 + Level 6.2 Spellcasting
 + Level 3.6 Conjurations
 - Level 1.1 Summonings
   Level 1.1 Translocations


You had 14 spell levels left.
You knew the following spells:

 Your Spells              Type           Power        Failure   Level  Hunger
a - Magic Dart            Conj           ####         3%          1    None
b - Call Imp              Summ           ##......     12%         2    None

Your spell library contained the following spells:

 Spells                   Type           Power        Failure   Level  Hunger
 Conjure Flame            Conj/Fire      ###.....     19%         3    None
 Slow                     Hex            #.......     21%         2    None
 Mephitic Cloud           Conj/Pois/Air  ##......     24%         3    None
 Blink                    Tloc           N/A          12%         2    None


Dungeon Overview and Level Annotations

Branches:
Dungeon (4/15)
 Temple: D:4-7

Altars:
Hepliaklqana
Trog
Zin

Annotations:
D:4 Grinder


Message History

Confirm with . or Enter, or press ? or * to list all spells.
You don't have enough magic to cast that spell.
Grinder gestures at you.
You suddenly lose the ability to move!
Grinder blinks!
Grinder gestures at you.
You shrug off the repeated paralysis!
Your crimson imp blinks!
You can move again.
Casting: Magic Dart (safe; 3% risk of failure)
Confirm with . or Enter, or press ? or * to list all spells.
You don't have enough magic to cast that spell.
Grinder gestures at you.
You struggle to resist.
Grinder gestures at you. Pain shoots through your body!
* * * LOW HITPOINT WARNING * * *
Grinder gestures at you. Pain shoots through your body!
You die...

#.#......'........#.#....#
#<#......###......#.#....#
.........+........5....>.#
#.#......####.#.5.##.##..##.###
#.#.###### #.#.................
#.#.# ..#...##.#.####.####
#.#.# ###.............# #.#.#
#...##.#.##### #.#.#
###@.##.#.# ..#.# +..........#
....# #####.##.###### ....#
#...........# ##.+#
#.#).#.####.# # # ##.#.# #.#
#.#.# #.# #.##...# #.# #.. ..#
#.#


You could see Grinder and a friendly crimson imp.

Vanquished Creatures
  2 ogres (D:4)
  An orc wizard (D:2)
  5 adders
  2 oozes (D:1)
  2 worms
  A dart slug (D:3)
  A leopard gecko (D:1)
  2 orcs
  10 bats
  4 giant cockroaches
  10 goblins
  18 hobgoblins
  A ball python (D:2)
  5 frilled lizards
  9 kobolds
  8 rats
81 creatures vanquished.

Vanquished Creatures (collateral kills)
  An ice beast (D:3)
  A worker ant (D:4)
  4 orcs (D:4)
  2 hobgoblins (D:3)
  A goblin (D:3)
9 creatures vanquished.

Grand Total: 90 creatures vanquished

Notes
Turn   | Place    | Note
-------+----------+-------------------------------------------
     0 | D:1      | Destragon the Deep Elf Wizard began the quest for the Orb.
     0 | D:1      | Reached XP level 1. HP: 10/10 MP: 7/7
   164 | D:1      | Reached XP level 2. HP: 13/15 MP: 5/9
   576 | D:1      | Reached XP level 3. HP: 17/19 MP: 3/11
   939 | D:2      | Reached skill level 5 in Spellcasting
  1115 | D:2      | Reached XP level 4. HP: 24/24 MP: 0/13
  1392 | D:2      | Found a hazy altar of Hepliaklqana.
  1394 | D:2      | Found a glowing silver altar of Zin.
  2025 | D:2      | Reached XP level 5. HP: 22/28 MP: 4/15
  2106 | D:3      | Noticed an ice beast
  2145 | D:3      | Learned a level 2 spell: Call Imp
  2198 | D:3      | Killed an ice beast
  2390 | D:3      | Found a bloodstained altar of Trog.
  2608 | D:4      | Noticed an ogre
  2615 | D:4      | Killed an ogre
  2615 | D:4      | Reached skill level 6 in Spellcasting
  2615 | D:4      | Reached XP level 6. HP: 32/32 MP: 7/17
  2681 | D:4      | Reached skill level 5 in Stealth
  2770 | D:4      | Noticed Grinder
  2781 | D:4      | Paralysed by Grinder for 3 turns
  2802 | D:4      | Paralysed by Grinder for 4 turns
  2809 | D:4      | Killed from afar by Grinder

Vault maps used:
D:1:      tarquinn_simple_flora_water_e
D:2:      minitemple, minmay_randomly_rotated_circles
D:3:      minmay_diamond_boxcup, first_ration, trog_hazing_becter
D:4:      grunt_temple_overflow_magic_moments, kennysheep_mini, uniq_grinder

Skill      XL: |  1  2  3  4  5  6 |
---------------+-------------------+-----
Stealth        | 3 4 5 |  5.1
Dodging        | 3 4 |  4.7
Spellcasting   | 5 6 |  6.2
Conjurations   | 2 3 |  3.6
Summonings     | |  1.1
Translocations | |  1.1

Action                   |  1- 3 |  4- 6 || total
-------------------------+-------+-------++-------
Melee: Unarmed           |     3 |       ||     3
       Dagger            |    19 |    27 ||    46
 Cast: Magic Dart        |    91 |   147 ||   238
       Call Imp          |       |    11 ||    11
  Eat: Chunk             |       |     6 ||     6
Armor: Leather armour    |    18 |    48 ||    66
Dodge: Dodged            |    28 |    77 ||   105

Table legend:
 A = Spawn XP
 B = Non-spawn XP
 C = Spawn XP percentage of total XP
 D = Spawn monster count
 E = Non-spawn monster count
 F = Spawn count percentage of total count
 G = Total turns spent on level
                    A         B        C        D         E        F      G
               +---------+---------+-------+---------+---------+-------+---------
         Total |       0 |     576 |   0.0 |       0 |      89 |   0.0 |  2809
               +---------+---------+-------+---------+---------+-------+---------
           D:1 |       0 |      53 |   0.0 |       0 |      26 |   0.0 |   890
           D:2 |       0 |     127 |   0.0 |       0 |      26 |   0.0 |   828
           D:3 |       0 |     138 |   0.0 |       0 |      28 |   0.0 |   822
           D:4 |       0 |     258 |   0.0 |       0 |       9 |   0.0 |   269
               +---------+---------+-------+---------+---------+-------+---------
